 Dungeon Crawl Stone Soup version 0.28.0-53-g5a82cb258f (webtiles) character file.

Game seed: 7389868001345838159

582267 jjjjhere the Hoplite (level 27, -5/196 HPs)
             Began as a Gnoll Venom Mage on Aug 27, 2022.
             Was the Champion of the Shining One.
             Blown up by Soahalos the pandemonium lord (27 damage)
             ... with a bolt of energy
             ... on level 9 of the Dungeon on Sept 1, 2022.
             The game lasted 03:32:04 (106054 turns).

jjjjhere the Hoplite (Gnoll Venom Mage)           Turns: 106054, Time: 03:32:05

Health: -5/196     AC: 36    Str: 12    XL:     27
Magic:  45/45      EV: 21    Int: 33    God:    the Shining One [******]
Gold:   3587       SH: 24    Dex: 16    Spells: 6/63 levels left

rFire   + + .      SeeInvis +   I - +9 staff of Olgreb {rPois∞}
rCold   + . .      Faith    .   D - +2 kite shield {rF+}
rNeg    + + +      Spirit   .   X - +8 faerie dragon scales {rN+ rCorr SInv}
rPois   ∞          Reflect  +   V - +3 hat of Miracles {rN+++ Str-2 Int+2 Slay+2}
rElec   .          Harm     .   y - +1 cloak of Feweh {rPois Str+6 Dex+2 SInv}
rCorr   +          Rampage  .   w - +2 pair of gloves
Will    ++...      Rage     3%  E - +2 pair of boots
Stlth   +.........              b - amulet of reflection
HPRegen 0.42/turn               H - +4 ring of protection
MPRegen 0.29/turn               A - ring "Senid" {rF+ Int+6}

@: hasted, glowing, studying Long Blades, very quick
A: fangs 1, strong nose, distributed training, horns 1, berserk 2, clumsy 1,
cold resistance 1, frail 1
0: Orb of Zot
}: 3/15 runes: decaying, serpentine, silver
a: Renounce Religion, Evoke the Staff of Olgreb, Divine Shield, Cleansing Flame,
Summon Divine Warrior, Brand Weapon With Holy Wrath


You were on level 9 of the Dungeon.
You worshipped the Shining One.
The Shining One was exalted by your worship.
You visited 9 branches of the dungeon, and saw 48 of its levels.
You also visited: Bailey.

You collected 6516 gold pieces.
You spent 2929 gold pieces at shops.

Inventory:

Hand Weapons
 a - a +6 broad axe of flaming
 I - the +9 staff of Olgreb (weapon) {rPois∞}
   (You found it on level 10 of the Dungeon)

   If the wielder is skilled in Evocations, they can envenom those struck by it,
   dealing poison damage which bypasses armour.
   It enhances your poison magic.
   It grants immunity to poison.
   It can be activated via the 'a'bility menu to radiate toxic energy, with
   effectiveness depending on Evocations skill.
Missiles
 t - 17 curare-tipped darts (quivered)
 G - 3 throwing nets
 L - 28 boomerangs
Armour
 w - a +2 pair of gloves (worn)
 y - the +1 cloak of Feweh (worn) {rPois Str+6 Dex+2 SInv}
   (You found it on level 3 of the Swamp)

   Str:       It affects your strength (+6).
   Dex:       It affects your dexterity (+2).
   rPois:     It protects you from poison.
   SInv:      It lets you see invisible.
 D - a +2 kite shield of fire resistance (worn)
 E - a +2 pair of boots (worn)
 V - the +3 hat of Miracles (worn) {rN+++ Str-2 Int+2 Slay+2}
   (You found it on level 3 of the Vaults)

   Str:       It affects your strength (-2).
   Int:       It affects your intelligence (+2).
   Slay:      It affects your accuracy & damage with ranged weapons and melee
   (+2).
   rN:        It renders you almost immune to negative energy.
 X - the +8 faerie dragon scales (worn) {rN+ rCorr SInv}
   (You took it off the Enchantress on level 3 of the Depths)

   rN:        It protects you from negative energy.
   SInv:      It lets you see invisible.
   rCorr:     It protects you from acid and corrosion.
Magical Staves
 O - a staff of conjuration
Jewellery
 b - an amulet of reflection (around neck)
 c - the ring "Ythuig" {Ice rPois Will+ Str+4}
   (You found it on level 5 of the Vaults)

   [ring of ice]

   It enhances your ice magic.
   Str:       It affects your strength (+4).
   rF:        It makes you vulnerable to fire.
   rC:        It protects you from cold.
   rPois:     It protects you from poison.
   Will:      It increases your willpower.
 o - a ring of wizardry
 A - the ring "Senid" (right hand) {rF+ Int+6}
   (You bought it in a shop on level 8 of the Dungeon)

   [ring of protection from fire]

   Int:       It affects your intelligence (+6).
   rF:        It protects you from fire.
 H - a +4 ring of protection (left hand)
 P - the ring "Jiemioff" {Drain rElec rCorr Int-2 Dex+6}
   (You found it on level 1 of the Orcish Mines)

   [ring of dexterity]

   Int:       It affects your intelligence (-2).
   Dex:       It affects your dexterity (+6).
   rElec:     It insulates you from electricity.
   rCorr:     It protects you from acid and corrosion.
   Drain:     It drains your maximum health when unequipped.
 T - a ring of magical power
 W - a ring of flight
Wands
 j - a wand of iceblast (51)
 p - a wand of acid (19)
 r - a wand of mindburst (7)
 s - a wand of charming (17)
 B - a wand of paralysis (28)
 K - a wand of digging (27)
Scrolls
 e - 13 scrolls of enchant armour
 g - 2 scrolls of summoning
 x - 5 scrolls of fear
 J - 8 scrolls of fog
 Q - 5 scrolls of amnesia
 U - 2 scrolls of teleportation
 Z - a scroll of magic mapping
Potions
 d - 5 potions of cancellation
 f - 2 potions of resistance
 i - 4 potions of might
 k - a potion of heal wounds
 m - 23 potions of curing
 n - 11 potions of flight
 u - 2 potions of ambrosia
 v - 11 potions of mutation
 z - 9 potions of brilliance
 R - 5 potions of magic
 S - 4 potions of berserk rage
Miscellaneous
 h - a phantom mirror
 l - a box of beasts
 C - a tin of tremorstones (2/2)
 F - a lightning rod (4/4)
 N - a phial of floods
 Y - a piece from Xom's chessboard (15/15)


   Skills:
 + Level 18.2 Fighting
 + Level 18.2 Short Blades
 + Level 19.7 Long Blades
 + Level 18.2 Axes
 + Level 18.2 Maces & Flails
 + Level 18.2 Polearms
 + Level 18.2 Staves
 + Level 18.2 Slings
 + Level 18.2 Bows
 + Level 18.2 Crossbows
 + Level 18.2 Throwing
 + Level 18.2 Armour
 + Level 18.7 Dodging
 + Level 18.6 Stealth
 + Level 24.2 Shields
 + Level 18.2 Unarmed Combat
 + Level 18.8 Spellcasting
 + Level 15.5 Conjurations
 + Level 15.5 Hexes
 + Level 15.5 Summonings
 + Level 15.5 Necromancy
 + Level 15.5 Translocations
 + Level 15.7 Transmutations
 + Level 15.5 Fire Magic
 + Level 15.5 Ice Magic
 + Level 15.5 Air Magic
 + Level 15.5 Earth Magic
 + Level 16.3 Poison Magic
 + Level 19.7 Invocations
 + Level 18.2 Evocations


You had 6 spell levels left.
You knew the following spells:

 Your Spells              Type           Power      Damage    Failure   Level
a - Sting                 Tmut/Pois      100%       1d8       0%          1
b - Poisonous Vapours     Pois/Air       100%       N/A       0%          2
c - Olgreb's Toxic Radia  Pois           100%       N/A       1%          4
d - Orb of Destruction    Conj           46%        9d12      2%          7
e - Summon Lightning Spi  Summ/Air       93%        N/A       1%          4
f - Storm Form            Tmut/Air       47%        N/A       2%          7
g - Passage of Golubria   Tloc           93%        N/A       1%          4
h - Summon Mana Viper     Hex/Summ       93%        N/A       1%          5
i - Freezing Cloud        Conj/Ice/Air   46%        6-21      1%          5
j - Passwall              Tmut/Erth      78%        N/A       0%          2
k - Iron Shot             Conj/Erth      46%        9d9       1%          6
l - Spellforged Servitor  Conj/Summ      46%        N/A       2%          7
m - Swiftness             Air            93%        N/A       0%          3

Your spell library contained the following spells:

 Spells                   Type           Power      Damage    Failure   Level
 Animate Skeleton         Necr           100%       N/A       0%          1
 Apportation              Tloc           100%       N/A       0%          1
 Magic Dart               Conj           100%       1d8       0%          1
 Pain                     Necr           100%       1d9       0%          1
 Sandblast                Erth           100%       2d20      0%          1
 Shock                    Conj/Air       100%       1d9       0%          1
 Summon Small Mammal      Summ           100%       N/A       0%          1
 Blink                    Tloc           100%       N/A       0%          2
 Call Imp                 Summ           93%        N/A       0%          2
 Ensorcelled Hibernation  Hex/Ice        100%       N/A       0%          2
 Static Discharge         Conj/Air       93%        N/A       0%          2
 Wereblood                Tmut           94%        N/A       0%          2
 Call Canine Familiar     Summ           93%        N/A       0%          3
 Confusing Touch          Hex            93%        N/A       0%          3
 Conjure Flame            Conj/Fire      93%        6-21      0%          3
 Dazzling Flash           Conj/Hex       100%       N/A       0%          3
 Gell's Gravitas          Tloc           93%        N/A       0%          3
 Ignite Poison            Fire/Tmut/Pois 100%       N/A       0%          3
 Lesser Beckoning         Tloc           93%        N/A       0%          3
 Mephitic Cloud           Conj/Pois/Air  100%       N/A       0%          3
 Ozocubu's Armour         Ice            93%        N/A       0%          3
 Portal Projectile        Hex/Tloc       100%       N/A       0%          3
 Spider Form              Tmut/Pois      100%       N/A       0%          3
 Stone Arrow              Conj/Erth      100%       3d13      0%          3
 Summon Guardian Golem    Hex/Summ       93%        N/A       0%          3
 Teleport Other           Tloc           93%        N/A       0%          3
 Tukima's Dance           Hex            93%        N/A       0%          3
 Vampiric Draining        Necr           93%        2d12      0%          3
 Airstrike                Air            46%        N/A       1%          4
 Anguish                  Hex/Necr       46%        N/A       1%          4
 Animate Armour           Summ/Erth      100%       N/A       1%          4
 Cause Fear               Hex            46%        N/A       1%          4
 Dispel Undead            Necr           93%        3d29      1%          4
 Iskenderun's Mystic Bla  Conj/Tloc      93%        2d18      1%          4
 Sticky Flame             Conj/Fire      93%        2d10      1%          4
 Summon Ice Beast         Ice/Summ       93%        N/A       1%          4
 Agony                    Necr           93%        N/A       1%          5
 Blade Hands              Tmut           47%        N/A       1%          5
 Excruciating Wounds      Necr           46%        N/A       1%          5
 Irradiate                Conj/Tmut      47%        3d29      1%          5
 Iskenderun's Battlesphe  Conj           93%        2d14      1%          5
 Lightning Bolt           Conj/Air       46%        1d66      1%          5
 Manifold Assault         Tloc           93%        N/A       1%          5
 Metabolic Englaciation   Hex/Ice        46%        N/A       1%          5
 Silence                  Hex/Air        46%        N/A       1%          5
 Summon Forest            Summ/Tloc      46%        N/A       1%          5
 Yara's Violent Unravell  Hex/Tmut       47%        3d18      1%          5
 Conjure Ball Lightning   Conj/Air       46%        3x3d16    1%          6
 Dispersal                Tloc           46%        N/A       1%          6
 Eringya's Noxious Bog    Tmut/Pois      58%        N/A       1%          6
 Starburst                Conj/Fire      46%        6d13      1%          6
 Summon Cactus Giant      Summ           46%        N/A       1%          6
 Enfeeble                 Hex            46%        N/A       2%          7
 Monstrous Menagerie      Summ           46%        N/A       2%          7
 Ozocubu's Refrigeration  Ice            46%        4d14      2%          7
 Summon Hydra             Summ           46%        N/A       2%          7
 Discord                  Hex            46%        N/A       19%         8
 Disjunction              Tloc           46%        N/A       19%         8
 Lehudib's Crystal Spear  Conj/Erth      46%        10d11     19%         8
 Maxwell's Capacitive Co  Air            46%        ∞         19%         8
 Necromutation            Tmut/Necr      47%        N/A       19%         8
 Dragon's Call            Summ           46%        N/A       96%         9
 Polar Vortex             Ice            46%        N/A       96%         9


Dungeon Overview and Level Annotations

Branches:
Dungeon (15/15)            Temple (0/1) D:7            Lair (6/6) D:11
  Swamp (4/4) Lair:3        Snake (4/4) Lair:3        Slime (0/5) Lair:6
    Orc (2/2) D:9             Elf (3/3) Orc:2        Vaults (5/5) D:13
  Crypt (0/3) Vaults:3     Depths (4/4) D:15            Zot (5/5) Depths:4
 Bailey (visited)

Altars:
Dithmenos
Elyvilon
Fedhas
Nemelex Xobeh
Qazlal
Ru
Trog
Uskayaw
Vehumet
Wu Jian
Xom
Zin
The Shining One
Beogh
Jiyva
Lugonu

Shops:
D:2 [   D:5 *   D:8 =   D:9 ([   D:13 !   Orc:1 ([   Orc:2 ?[[*   Elf:2 [
Elf:3 [   Snake:3 :   Vaults:2 :   Depths:1 ?   Depths:2 =?   Depths:3 !
Depths:4 !?

Portals:
Hell: Depths:1 Depths:2 Depths:3 Depths:4
Abyss: Lair:6 Depths:1 Depths:3
Pandemonium: Depths:2 Depths:4
Ziggurat: Depths:4

Annotations:
D:7 2 transporters
D:10 1 runed translucent door
Elf:2 3 runed translucent doors
Depths:2 Boris
Zot:3 36 runed doors


Innate Abilities, Weirdness & Mutations

You have very sharp teeth.
Your uncanny sense of smell can sniff out nearby items.
Your experience applies equally to all skills.
You have a pair of small horns on your head.
You often lose your temper in combat.
You are clumsy. (Dex -2)
Your flesh is cold resistant. (rC+)
You are frail. (-10% HP)


Message History

Your spellforged servitor launches a ball of destructive magic.
Your extra speed is starting to run out.
You feel yourself slow down.
There is a stone staircase leading up here.
You start resting.
A demonspawn warmonger is nearby!
You climb upwards.
There is a stone staircase leading down here.
(D) Dungeon (T) Temple (L) Lair (S) Swamp (P) Snake Pit (M) Slime Pits (O) Orcish Mines (E) Elven Halls (V) Vaults (C) Crypt (U) Depths (H) Hell (Z) Zot
Where to? (Enter - D:1 @ (x,y), ? - help)
What level of the Dungeon? (default 1, ? - help)
A Tzitzimitl comes into view.
Soahalos comes into view.
Soahalos moves out of view.
There is a stone staircase leading down here.
The Tzitzimitl calls on the powers of darkness!
Your body is wracked with pain!
Soahalos gestures at you.
The bolt of energy hits you but does no damage.
You feel yourself speed up.
The Tzitzimitl calls on the powers of darkness!
Your body is wracked with pain!
Soahalos gestures at you.
Soahalos conjures a mighty blast of ice!
The great icy blast engulfs you!!! You partially resist.
* * * LOW HITPOINT WARNING * * *
You are encased in ice.
As you read the scroll of fog, it crumbles to dust.
The scroll dissolves into smoke.
Soahalos gestures at you.
Soahalos conjures a mighty blast of ice!
The great icy blast engulfs you!! You partially resist.
* * * LOW HITPOINT WARNING * * *
The ice encasing you melts away. Soahalos gestures at you.
The bolt of energy hits you!!
You die...

..## #.# ...### ### #.#
### .....# #.# #.# #.#
≈≈≈≈.# #.# #.# #.# ###≈.#
#.## #.## ##<# ..#≈.#
#..### ##..# #..# ##
∩.#≈.# #.§§§#####...###..#
##. ..#≈.#
##§§§§§§§§........# ##..
###≈.# #§§☼§○§@§§......<##
#... ≈≈≈≈.#
##§§§☼§§§§§......## #...
....(####§&####§§§§##...##
##.. #........§##
##...###..# #..
..1......## ##..## #..#
#.. ..###...## ##..## #..#
#.. #####...# #..## #..#
##. # #....## ###.## #..#
#. ##.....###..## ##..# #.


You could see Soahalos.

Vanquished Creatures
  A dread lich (Zot:5)
  An orb of fire (Zot:4)
  An ancient lich (Zot:5)
  Bai Suzhen (Swamp:2)
  A Killer Klown (Zot:5)
  A golden dragon (Zot:4)
  A Brimstone Fiend (Zot:4)
  An electric golem (Zot:5)
  11 tentacled monstrosities
  3 liches
  17 Orb Guardians (Zot:5)
  A titan (Vaults:5)
  A deep elf blademaster (Elf:3)
  A quicksilver dragon (Zot:1)
  A deep elf master archer (Elf:3)
  3 acid blobs
  7 death cobs
  10 sphinxes
  3 tengu reavers
  The ghost of jjjjhere the Devastator, an adept HOFE of Ru (Swamp:3)
  6 shadow dragons
  5 draconian monks
  3 fire giants (Vaults:5)
  8 nagarajas
  4 draconian knights
  10 storm dragons
  A fenstrider witch (Swamp:4)
  3 frost giants
  Louise (Swamp:4)
  10 vault wardens
  2 orc warlords
  9 deep elf sorcerers
  2 draconian scorchers
  A draconian shifter (Zot:3)
  2 draconian stormcallers
  2 ghost moths (Zot:4)
  A deep elf elementalist (Elf:3)
  3 ironbound thunderhulks
  A reaper (Depths:4)
  5 draconian annihilators
  2 war gargoyles
  11 very ugly things
  A vampire knight (Depths:2)
  15 ironbound preservers
  5 deep elf annihilators (Elf:3)
  4 eleionomae
  4 green draconians
  3 deep elf demonologists (Elf:3)
  14 stone giants
  4 black draconians
  26 dire elephants
  A spark wasp (Depths:3)
  4 bunyips (Swamp:4)
  2 entropy weavers
  5 white draconians
  7 red draconians
  12 yellow draconians
  An eidolon (Elf:1)
  6 purple draconians
  4 deep elf death magi (Elf:3)
  A merfolk impaler (Depths:4)
  10 fire dragons
  5 ettins
  6 crystal guardians
  10 yaktaur captains
  4 deep elf high priests
  2 ice dragons
  27 vault guards
  Josephine (Lair:5)
  A merfolk javelineer (Depths:4)
  20 hydras
  A shambling mangrove (Swamp:3)
  13 naga warriors
  7 great orbs of eyes
  3 peacekeepers (Vaults:1)
  11 boulder beetles
  3 spriggan air magi
  8 centaur warriors
  A hell beast (D:11)
  4 salamander tyrants
  8 ironbound frosthearts
  8 anacondas
  6 two-headed ogres
  An ogre mage (Vaults:5)
  An anaconda (shapeshifter) (Vaults:1)
  8 deep troll earth magi
  9 dancing weapons
  3 alligators
  9 naga sharpshooters
  3 death yaks (Lair:2)
  Urug (D:11)
  4 deep troll shamans
  7 hell hogs
  8 tengu warriors
  4 sun demons (Depths:3)
  10 shock serpents
  3 thrashing horrors (Lair:6)
  7 deep elf knights
  4 spriggan berserkers
  4 soul eaters
  A titan skeleton (Depths:1)
  2 hell knights
  2 goliath frogs (Swamp:1)
  A sixfirhy (Depths:4)
  2 fire crabs (Swamp:4)
  A shadow wraith (Vaults:5)
  9 salamander mystics
  59 deep trolls
  5 iron trolls
  A spriggan druid (Swamp:4)
  4 swamp dragons
  9 deep elf archers
  A spriggan simulacrum (Swamp:3)
  3 bog bodies
  2 lindwurms (Vaults:3)
  3 flayed ghosts
  A shadow dragon zombie (Vaults:3)
  2 phantasmal warriors (Vaults:5)
  3 naga ritualists
  11 wizards
  5 necromancers
  11 ironbound convokers
  5 orc knights
  2 orb spiders (shapeshifter)
  2 harpies (Vaults:4)
  14 deep elf zephyrmancers
  5 orc sorcerers (Orc:2)
  22 deep elf pyromancers
  8 cyclopes
  8 mana vipers
  A sphinx skeleton (Depths:1)
  3 oklob plants (Zot:4)
  48 ugly things
  4 wolf spiders (D:10)
  2 mana vipers (shapeshifter)
  4 manticores
  A will-o-the-wisp (Swamp:2)
  12 salamanders
  21 moths of wrath
  3 elephants (Lair:6)
  9 naga magi
  27 black mambas
  A rust devil (Depths:4)
  A centaur zombie (D:10)
  A torpor snail (Lair:5)
  3 guardian serpents
  12 vault sentinels
  2 gargoyles
  A water nymph (shapeshifter) (Vaults:1)
  16 cane toads
  3 smoke demons
  3 kobold demonologists
  A hellion (Depths:3)
  25 yaktaurs
  2 rime drakes
  An unseen horror (D:13)
  A komodo dragon (shapeshifter) (D:13)
  A tengu conjurer (Depths:1)
  5 komodo dragons
  A spriggan skeleton (Depths:1)
  A troll (shapeshifter) (D:13)
  An anaconda simulacrum (Swamp:3)
  An ice devil (Depths:4)
  A red devil (Depths:4)
  A meliai (shapeshifter) (D:14)
  A human skeleton (Vaults:2)
  3 polar bears
  8 trolls
  3 tyrant leeches
  2 dream sheep (Lair:6)
  15 hornets
  33 slime creatures
  29 blink frogs
  A spriggan zombie (Depths:1)
  A dream sheep (shapeshifter) (Depths:4)
  38 yaks
  9 spriggans
  4 wraiths
  3 shadows
  A culicivora (shapeshifter) (D:14)
  5 ynoxinuls
  5 air elementals
  2 dire elephant simulacra (Swamp:3)
  3 water elementals
  A vampire (D:13)
  2 culicivoras
  8 nameless horrors
  A chaos spawn (Lair:6)
  5 wyverns
  2 golden eyes (Elf:1)
  5 basilisks
  2 fire elementals
  8 redbacks
  9 steam dragons
  7 vampire mosquitoes
  10 wargs
  A redback simulacrum (D:15)
  2 acid dragons (D:12)
  A tengu zombie (Depths:1)
  A large abomination (Lair:6)
  20 nagas
  6 swamp worms
  A human zombie (Vaults:3)
  17 water moccasins
  2 floating eyes
  6 sky beasts
  4 ice beasts
  26 orc warriors
  7 swamp drakes
  An ettin simulacrum (Vaults:2)
  A necrophage (D:6)
  7 ogres
  A hornet zombie (D:9)
  4 wolves (Lair:3)
  9 centaurs
  7 small abominations (Lair:6)
  A gnoll sergeant (D:8)
  12 bullfrogs
  3 earth elementals
  A scorpion (D:5)
  A scorpion (shapeshifter) (Elf:2)
  A water moccasin skeleton (D:6)
  10 killer bees
  A lindwurm simulacrum (Swamp:3)
  4 wights
  8 howler monkeys
  7 electric eels
  5 hounds
  18 jellies
  15 orc priests
  Terence (D:2)
  39 orc wizards
  2 iguanas
  6 hell rats (Lair:5)
  2 wolf simulacra (Lair:6)
  A killer bee zombie (D:8)
  A hound zombie (D:5)
  3 adders
  8 gnolls
  2 howler monkey skeletons (D:6)
  A shadow imp (D:7)
  3 white imps
  4 worms
  99 orcs
  11 ball pythons
  4 bats
  7 endoplasms
  4 giant cockroaches
  11 goblins
  4 hobgoblins
  8 jackals
  3 frilled lizards
  6 kobolds
  5 rats
  2 river rat simulacra (Lair:6)
1621 creatures vanquished.

Vanquished Creatures (collateral kills)
  3 ancient liches (Zot:5)
  5 orbs of fire
  Mennas (Depths:3)
  A Killer Klown (Zot:5)
  Saint Roka (Vaults:5)
  3 golden dragons
  the Enchantress (Depths:3)
  A tentacled monstrosity (Zot:2)
  A hellephant (Depths:4)
  A lich (Depths:3)
  8 Orb Guardians
  3 quicksilver dragons
  2 titans
  A walking frostbound tome (Depths:3)
  3 acid blobs (Zot:4)
  A thorn hunter (Swamp:3)
  2 death cobs (Zot:1)
  Kirke (D:15)
  4 tengu reavers
  Agnes (D:15)
  5 storm dragons
  3 shadow dragons
  4 nagarajas
  2 draconian monks (Zot:5)
  2 draconian knights
  A fire giant (D:15)
  2 frost giants
  An iron dragon (Vaults:5)
  5 vault wardens
  3 deep elf sorcerers
  4 draconian scorchers
  2 ghost moths
  An orc warlord (Orc:1)
  A draconian shifter (Zot:4)
  2 deep elf elementalists (Elf:3)
  3 war gargoyles
  2 draconian annihilators
  A draconian stormcaller (Zot:5)
  2 spriggan defenders
  10 ironbound preservers
  4 stone giants (Vaults:5)
  3 very ugly things
  The ghost of Emuarch the Impaler, a journeyman MiFi of the Shining One (Lair:5)
  4 ironbound thunderhulks
  A vampire knight (Depths:3)
  A deep elf annihilator (Elf:3)
  6 black draconians
  5 green draconians
  2 eleionomae
  A white draconian (Zot:4)
  2 purple draconians
  5 red draconians
  A deep elf demonologist (Elf:3)
  7 yellow draconians
  3 bunyips
  3 dire elephants
  A deep elf death mage (Elf:3)
  A blizzard demon (D:11)
  2 shambling mangroves (D:11)
  4 ettins
  A merfolk javelineer (Depths:4)
  5 yaktaur captains
  2 great orbs of eyes
  A deep elf high priest (Elf:3)
  4 fire dragons
  9 hydras
  A quicksilver dragon skeleton (Depths:1)
  4 ironbound frosthearts
  A vault guard (Vaults:5)
  4 rakshasas
  A peacekeeper (Vaults:4)
  4 naga warriors
  A boulder beetle (Vaults:2)
  3 ice dragons
  Erica (D:11)
  A hydra (shapeshifter) (Depths:3)
  2 anacondas (Snake:4)
  2 centaur warriors (D:14)
  4 dancing weapons
  A salamander tyrant (Snake:4)
  4 two-headed ogres
  3 deep troll earth magi
  6 deep troll shamans
  A tengu warrior (Depths:2)
  4 hell hogs
  2 alligators
  4 death yaks
  3 spriggan berserkers
  2 hell knights (Depths:3)
  3 deep elf knights
  7 naga sharpshooters
  2 shock serpents (Snake:4)
  2 sun demons (Depths:3)
  Sonja (D:11)
  3 iron trolls
  A fire crab (Swamp:4)
  3 goliath frogs
  A spriggan druid (Swamp:1)
  3 salamander mystics
  A naga ritualist (Snake:4)
  19 deep trolls
  A deep elf archer (Elf:3)
  An orange crystal statue (Depths:1)
  2 bog bodies (Swamp:1)
  3 phantasmal warriors (Vaults:5)
  A glowing orange brain (Depths:4)
  7 ironbound convokers
  2 lindwurms (Vaults:2)
  A lindwurm (shapeshifter) (Vaults:5)
  5 swamp dragons
  2 deep elf pyromancers
  An iron dragon zombie (Depths:1)
  A harpy (Vaults:4)
  3 wizards
  7 ugly things
  4 orc knights
  2 mana vipers
  A deep elf zephyrmancer (Elf:1)
  A manticore (D:11)
  2 orc sorcerers
  A human zombie (Vaults:2)
  7 salamanders
  2 stone giant zombies
  2 will-o-the-wisps
  2 elephants (Lair:6)
  A black mamba (shapeshifter) (D:13)
  7 moths of wrath
  A smoke demon (Depths:3)
  2 naga magi
  4 vault sentinels
  10 black mambas
  2 guardian serpents (Snake:4)
  3 cane toads
  A torpor snail (Lair:6)
  An eye of devastation (shapeshifter) (Vaults:5)
  3 gargoyles
  3 komodo dragons
  2 large abominations (Lair:6)
  5 yaktaurs
  An anaconda simulacrum (Swamp:3)
  An ancient zyme (Lair:6)
  A bloated husk (Swamp:3)
  7 hornets
  14 slime creatures
  3 tyrant leeches (Swamp:3)
  A dream sheep (Lair:6)
  2 blink frogs (Lair:6)
  A centaur simulacrum (D:15)
  An air elemental (Elf:3)
  A wyvern (Lair:5)
  12 yaks
  A ynoxinul (D:13)
  5 spriggans
  A water elemental (Depths:4)
  A vampire (D:9)
  2 wraiths
  2 hogs (D:15)
  A fire elemental (Elf:2)
  3 basilisks
  An elf skeleton (Vaults:2)
  A spriggan simulacrum (Swamp:3)
  3 vampire mosquitoes
  5 swamp worms
  18 nagas
  4 wargs
  4 water moccasins
  An acid dragon (D:12)
  2 small abominations (Lair:6)
  3 swamp drakes (Swamp:4)
  9 orc warriors
  An alligator simulacrum (Swamp:3)
  2 ogres
  2 centaurs (D:14)
  An earth elemental (Depths:2)
  A lindwurm simulacrum (Swamp:3)
  An electric eel (Elf:3)
  2 centaur zombies
  A human simulacrum (Vaults:3)
  4 jellies (Zot:4)
  An orc priest (Orc:1)
  7 orc wizards
  A hell rat (Lair:5)
  3 polar bear simulacra (Lair:6)
  A wolf simulacrum (Lair:6)
  19 orcs
  3 river rat simulacra (Lair:6)
  5 briar patches (Swamp:3)
  2 bushes (Lair:6)
559 creatures vanquished.

Vanquished Creatures (others)
  A walking crystal tome (Depths:2)
  A sphinx (Depths:4)
  A shadow dragon (Zot:4)
  A draconian scorcher (Zot:1)
  A spriggan defender (Depths:3)
  A very ugly thing (Depths:4)
  A spriggan druid (Swamp:2)
  A spectral hydra (Swamp:3)
  A bog body (Swamp:3)
  2 deep elf zephyrmancers
  A deep elf pyromancer (Elf:2)
  A manticore (D:11)
  A bunyip simulacrum (Swamp:3)
  A yaktaur (Vaults:2)
  A tyrant leech (Swamp:3)
  4 bloated husks (Swamp:3)
  A blink frog (Lair:6)
  A slime creature (Vaults:2)
  A human (D:15)
  3 swamp drakes (Swamp:4)
  A jelly (Zot:4)
  An orc (Orc:2)
  18 foxfires
  35 fungi
  51 plants
  17 snaplasher vines
  2 withered plants (D:3)
151 creatures vanquished.

Grand Total: 2331 creatures vanquished

Notes
Turn   | Place    | Note
-------+----------+-------------------------------------------
     0 | D:1      | jjjjhere the Gnoll Venom Mage began the quest for the Orb.
     0 | D:1      | Reached XP level 1. HP: 13/13 MP: 6/6
   400 | D:1      | Reached XP level 2. HP: 19/19 MP: 4/7
   421 | D:1      | Learned a level 2 spell: Poisonous Vapours
  1081 | D:1      | Reached XP level 3. HP: 25/25 MP: 6/9
  1092 | D:1      | Reached skill level 5 in Spellcasting
  1348 | D:2      | Noticed Terence
  1375 | D:2      | Killed Terence
  1376 | D:2      | Reached skill level 1 in Fighting
  1376 | D:2      | Reached skill level 1 in Short Blades
  1376 | D:2      | Reached skill level 1 in Long Blades
  1376 | D:2      | Reached skill level 1 in Axes
  1376 | D:2      | Reached skill level 1 in Maces & Flails
  1376 | D:2      | Reached skill level 1 in Polearms
  1376 | D:2      | Reached skill level 1 in Staves
  1376 | D:2      | Reached skill level 1 in Slings
  1376 | D:2      | Reached skill level 1 in Bows
  1376 | D:2      | Reached skill level 1 in Crossbows
  1376 | D:2      | Reached skill level 1 in Throwing
  1376 | D:2      | Reached skill level 1 in Armour
  1376 | D:2      | Reached skill level 1 in Shields
  1376 | D:2      | Reached skill level 1 in Unarmed Combat
  1376 | D:2      | Reached skill level 1 in Invocations
  1376 | D:2      | Reached skill level 1 in Evocations
  1546 | D:2      | Reached XP level 4. HP: 29/32 MP: 1/11
  1577 | D:2      | HP: 10/32 [worm (7)]
  1803 | D:2      | HP: 7/32 [worm (9)]
  2374 | D:2      | Found Hinkolon's Antique Armour Boutique.
  2547 | D:3      | Noticed a sky beast
  2577 | D:2      | HP: 6/32 [sky beast (6)]
  2578 | D:2      | Killed a sky beast
  2579 | D:2      | Reached skill level 1 in Conjurations
  2579 | D:2      | Reached skill level 1 in Hexes
  2579 | D:2      | Reached skill level 1 in Summonings
  2579 | D:2      | Reached skill level 1 in Necromancy
  2579 | D:2      | Reached skill level 1 in Translocations
  2579 | D:2      | Reached skill level 1 in Fire Magic
  2579 | D:2      | Reached skill level 1 in Ice Magic
  2579 | D:2      | Reached skill level 1 in Air Magic
  2579 | D:2      | Reached skill level 1 in Earth Magic
  2579 | D:2      | Reached XP level 5. HP: 7/37 MP: 2/12
  3325 | D:3      | Found a bloodstained altar of Trog.
  3718 | D:3      | Found a faded altar of an unknown god.
  3785 | D:3      | Prayed at the altar of an unknown god.
  3785 | D:3      | Became a worshipper of the Shining One
  3785 | D:3      | Reached * piety under the Shining One
  3829 | D:3      | Reached XP level 6. HP: 44/44 MP: 6/13
  4778 | D:4      | Reached skill level 5 in Dodging
  4863 | D:4      | Reached skill level 2 in Shields
  5155 | D:4      | Found a shadowy altar of Dithmenos.
  5476 | D:4      | Learned a level 4 spell: Olgreb's Toxic Radiance
  5500 | D:4      | Learned a level 3 spell: Mephitic Cloud
  5521 | D:5      | Entered Level 5 of the Dungeon
  5548 | D:5      | Got Iviru's Beginning Course on Witchcraft
  5616 | D:5      | Found a stormy altar of Qazlal.
  5747 | D:5      | Noticed a wyvern
  5757 | D:5      | Killed a wyvern
  5758 | D:5      | Reached XP level 7. HP: 49/51 MP: 3/15
  5959 | D:5      | Reached skill level 5 in Stealth
  5969 | D:5      | HP: 16/51 [poisoned by a water moccasin]
  5974 | D:5      | HP: 10/51 [poisoned by a water moccasin]
  6122 | D:5      | Reached ** piety under the Shining One
  6327 | D:5      | Reached XP level 8. HP: 57/57 MP: 11/16
  6364 | D:5      | Found an ornate altar of the Wu Jian Council.
  6478 | D:5      | Reached skill level 3 in Shields
  6577 | D:5      | Found Ahomosoxt's General Store.
  6585 | D:5      | Bought a scroll of identify for 26 gold pieces
  8305 | D:7      | Found a staircase to the Ecumenical Temple.
  8338 | D:7      | Reached XP level 9. HP: 65/65 MP: 18/18
  8428 | D:7      | Reached skill level 4 in Shields
  8756 | D:7      | Found a transporter.
  8759 | D:7      | Found a transporter.
  8759 | D:7      | Noticed a cyclops
  8760 | D:7      | Noticed a two-headed ogre
  9067 | D:7      | Reached *** piety under the Shining One
  9280 | D:7      | Reached skill level 5 in Invocations
  9701 | D:8      | Reached XP level 10. HP: 73/73 MP: 20/20
  9732 | D:8      | Reached skill level 5 in Shields
  9860 | D:8      | Found a sacrificial altar of Ru.
  9876 | D:8      | Noticed a kobold demonologist
  9877 | D:8      | Found the +3 Mad Mage's Maulers {Infuse+∞ RegenMP Int-3}
  9882 | D:8      | Noticed a boulder beetle
  9889 | D:8      | Noticed a smoke demon
  9897 | D:8      | Killed a kobold demonologist
  9898 | D:8      | Reached skill level 5 in Fighting
  9898 | D:8      | Reached skill level 5 in Short Blades
  9898 | D:8      | Reached skill level 5 in Long Blades
  9898 | D:8      | Reached skill level 5 in Axes
  9898 | D:8      | Reached skill level 5 in Maces & Flails
  9898 | D:8      | Reached skill level 5 in Polearms
  9898 | D:8      | Reached skill level 5 in Staves
  9898 | D:8      | Reached skill level 5 in Slings
  9898 | D:8      | Reached skill level 5 in Bows
  9898 | D:8      | Reached skill level 5 in Crossbows
  9898 | D:8      | Reached skill level 5 in Throwing
  9898 | D:8      | Reached skill level 5 in Armour
  9898 | D:8      | Reached skill level 5 in Unarmed Combat
  9898 | D:8      | Reached skill level 5 in Evocations
  9958 | D:8      | Noticed a two-headed ogre
  9987 | D:8      | Killed a boulder beetle
  9996 | D:8      | HP: 24/74 [two-headed ogre/+0 giant club (17)]
  9998 | D:8      | Killed a two-headed ogre
  9999 | D:8      | Reached skill level 6 in Shields
  9999 | D:8      | Reached skill level 5 in Transmutations
 10401 | D:8      | Identified the +4 quarterstaff of the Well-Known Friends
                  | {spect, rPois Dex+2 Stlth+}
 10435 | D:8      | Found a sparkling altar of Nemelex Xobeh.
 10510 | D:8      | Found Xaanwuk's One-of-a-Kind Rings.
 10635 | D:8      | Found a white marble altar of Elyvilon.
 10878 | D:9      | Noticed a two-headed ogre
 10887 | D:9      | Killed a two-headed ogre
 10888 | D:9      | Reached XP level 11. HP: 81/81 MP: 9/22
 10926 | D:9      | Learned a level 4 spell: Summon Lightning Spire
 11063 | D:9      | Noticed a two-headed ogre
 11072 | D:9      | Killed a two-headed ogre
 11073 | D:9      | Reached skill level 7 in Shields
 11073 | D:9      | Reached skill level 5 in Conjurations
 11073 | D:9      | Reached skill level 5 in Hexes
 11073 | D:9      | Reached skill level 5 in Summonings
 11073 | D:9      | Reached skill level 5 in Necromancy
 11073 | D:9      | Reached skill level 5 in Translocations
 11073 | D:9      | Reached skill level 5 in Fire Magic
 11073 | D:9      | Reached skill level 5 in Ice Magic
 11073 | D:9      | Reached skill level 5 in Air Magic
 11073 | D:9      | Reached skill level 5 in Earth Magic
 11084 | D:9      | Found Boumouxt's Weapon Emporium.
 11084 | D:9      | Found a staircase to the Orcish Mines.
 11084 | D:9      | Found Runurhiem's Armour Emporium.
 11242 | D:9      | Found a flagged portal.
 11259 | Bailey   | Entered a bailey
 12211 | Bailey   | Noticed an orc knight
 12229 | Bailey   | Killed an orc knight
 12355 | Bailey   | Noticed an orc knight
 12388 | Bailey   | Killed an orc knight
 12611 | D:9      | Noticed a two-headed ogre
 12621 | D:9      | Killed a two-headed ogre
 13436 | D:9      | Found a blossoming altar of Fedhas.
 13650 | D:10     | Entered Level 10 of the Dungeon
 13709 | D:10     | Reached skill level 8 in Shields
 13836 | D:10     | Found a runed translucent door.
 13836 | D:10     | Reached **** piety under the Shining One
 13837 | D:10     | Found a runed translucent gate.
 13837 | D:10     | Found a runed translucent gate.
 13838 | D:10     | Noticed a wolf spider
 13846 | D:10     | Found the +9 staff of Olgreb {rPois∞}
 13929 | D:10     | Found a runed translucent gate.
 13929 | D:10     | Noticed a wolf spider
 13929 | D:10     | Noticed a wolf spider
 13929 | D:10     | Noticed a wolf spider
 13930 | D:10     | Found a runed translucent door.
 14926 | D:10     | Learned a level 3 spell: Ozocubu's Armour
 14996 | D:10     | Reached skill level 9 in Shields
 14996 | D:10     | Reached XP level 12. HP: 91/91 MP: 23/25
 15024 | D:10     | Reached XP level 13. HP: 39/96 MP: 12/26
 15047 | D:10     | HP: 31/96 [poisoned by a water moccasin]
 15067 | D:10     | HP: 17/96 [wolf spider (8)]
 15751 | D:11     | Reached skill level 10 in Shields
 15754 | D:11     | Noticed Erica
 15863 | D:11     | Noticed Urug
 15874 | D:11     | Killed Urug
 16132 | D:11     | Killed Erica
 16358 | D:11     | Noticed Sonja
 16363 | D:11     | Killed Sonja
 16468 | D:11     | Found a staircase to the Lair.
 17098 | D:12     | Reached ***** piety under the Shining One
 17296 | D:12     | HP: 28/98 [warg (7)]
 17303 | D:12     | HP: 26/98 [warg (13)]
 18646 | D:11     | Noticed a shambling mangrove
 18646 | D:11     | an oklob plant changed into a shambling mangrove
 18660 | D:11     | Killed a shambling mangrove
 18662 | D:11     | Reached skill level 11 in Shields
 18893 | D:11     | Noticed a shambling mangrove
 18893 | D:11     | an oklob plant changed into a shambling mangrove
 18910 | D:11     | Killed a shambling mangrove
 19051 | Lair:1   | Entered Level 1 of the Lair of Beasts
 19127 | Lair:1   | Reached skill level 10 in Spellcasting
 19483 | Lair:1   | Reached XP level 14. HP: 106/106 MP: 19/28
 20150 | Lair:2   | Reached skill level 10 in Dodging
 20177 | Lair:2   | Reached skill level 10 in Stealth
 20710 | Lair:2   | Reached skill level 10 in Invocations
 21069 | Lair:3   | Reached skill level 12 in Shields
 21531 | Lair:3   | Found a staircase to the Snake Pit.
 21887 | Lair:3   | Found a staircase to the Swamp.
 22610 | Lair:4   | You fall into a shaft and drop 2 floors!
 22610 | Lair:6   | Entered Level 6 of the Lair of Beasts
 22732 | Lair:5   | Reached XP level 15. HP: 104/114 MP: 15/29
 22842 | Lair:5   | Learned a level 4 spell: Passage of Golubria
 23473 | Lair:5   | Noticed Emuarch's ghost (journeyman MiFi)
 23477 | Lair:5   | Noticed Josephine
 23487 | Lair:5   | Killed Josephine
 23495 | Lair:5   | Reached ****** piety under the Shining One
 23659 | Lair:5   | Found an ornate altar of the Wu Jian Council.
 23660 | Lair:5   | Found a hide-covered altar of Uskayaw.
 23846 | Lair:5   | Found a transporter.
 23849 | Lair:5   | Found a transporter.
 24274 | Lair:5   | Reached skill level 10 in Poison Magic
 24390 | Lair:5   | Reached skill level 13 in Shields
 24510 | Lair:5   | Killed Emuarch's ghost
 25004 | Lair:6   | Reached skill level 10 in Fighting
 25004 | Lair:6   | Reached skill level 10 in Short Blades
 25004 | Lair:6   | Reached skill level 10 in Long Blades
 25004 | Lair:6   | Reached skill level 10 in Axes
 25004 | Lair:6   | Reached skill level 10 in Maces & Flails
 25004 | Lair:6   | Reached skill level 10 in Polearms
 25004 | Lair:6   | Reached skill level 10 in Staves
 25004 | Lair:6   | Reached skill level 10 in Slings
 25004 | Lair:6   | Reached skill level 10 in Bows
 25004 | Lair:6   | Reached skill level 10 in Crossbows
 25004 | Lair:6   | Reached skill level 10 in Throwing
 25004 | Lair:6   | Reached skill level 10 in Armour
 25004 | Lair:6   | Reached skill level 10 in Unarmed Combat
 25004 | Lair:6   | Reached skill level 10 in Evocations
 25582 | Lair:6   | Found a viscous altar of Jiyva.
 25582 | Lair:6   | Found a staircase to the Slime Pits.
 27110 | Lair:6   | Found a corrupted altar of Lugonu.
 27110 | Lair:6   | Found a one-way gate to the infinite horrors of the Abyss.
 27118 | Lair:6   | Identified a scroll of acquirement
 27119 | Lair:6   | Acquired the Disquisition on the Entourage
 27127 | Lair:6   | Learned a level 5 spell: Summon Mana Viper
 27144 | Lair:6   | Learned a level 5 spell: Summon Forest
 27440 | Orc:1    | Entered Level 1 of the Orcish Mines
 27567 | Orc:1    | Noticed an orc warlord
 27607 | Orc:1    | Killed an orc warlord
 27656 | Orc:1    | Noticed an orc warlord
 27686 | Orc:1    | Killed an orc warlord
 28121 | Orc:1    | Identified the ring "Jiemioff" {Drain rElec rCorr Int-2
                  | Dex+6}
 28161 | Orc:2    | Entered Level 2 of the Orcish Mines
 28404 | Orc:2    | Reached XP level 16. HP: 113/123 MP: 25/31
 28457 | Orc:2    | Found a staircase to the Elven Halls.
 29109 | Orc:2    | Found Comas's Magic Scroll Shoppe.
 29109 | Orc:2    | Found Jiskesuh's Antique Armour Boutique.
 29224 | Orc:2    | Found Iriofept's Armour Shoppe.
 29224 | Orc:2    | Found Cuass's Assorted Antiques.
 29690 | Orc:2    | Bought a runed scarf for 272 gold pieces
 29922 | D:13     | Reached skill level 14 in Shields
 30023 | D:13     | Found Qehar's Distillery.
 30171 | D:13     | Learned a level 2 spell: Passwall
 30328 | D:13     | Found a gate to the Vaults.
 30725 | D:13     | Found a runed translucent door.
 30926 | D:13     | HP: 31/124 [yaktaur captain (15)]
 31289 | D:13     | HP: 37/124 [yaktaur captain/bolt (21)]
 31295 | D:13     | HP: 33/124 [yaktaur captain (10)]
 33610 | D:15     | Entered Level 15 of the Dungeon
 34001 | D:15     | Found a staircase to the Depths.
 34409 | D:15     | Noticed Kirke
 34419 | D:15     | Killed Kirke
 34474 | D:15     | Noticed Agnes
 34481 | D:15     | Killed Agnes
 34482 | D:15     | Reached XP level 17. HP: 131/131 MP: 25/33
 34646 | D:15     | Reached skill level 15 in Shields
 35535 | Depths:1 | Entered Level 1 of the Depths
 35544 | Depths:1 | Paralysed by a floating eye for 4 turns
 36208 | Depths:1 | Reached skill level 10 in Transmutations
 36752 | Depths:1 | Found a glowing golden altar of the Shining One.
 36752 | Depths:1 | Found a glowing silver altar of Zin.
 36754 | Depths:1 | Paralysed by a floating eye for 2 turns
 36931 | Depths:1 | Found a white marble altar of Elyvilon.
 37399 | Depths:1 | Found Memitet's Magic Scroll Shoppe.
 38070 | Depths:1 | Found a gateway to Hell.
 38339 | Swamp:1  | Entered Level 1 of the Swamp
 38360 | Swamp:1  | Reached skill level 10 in Conjurations
 38360 | Swamp:1  | Reached skill level 10 in Hexes
 38360 | Swamp:1  | Reached skill level 10 in Summonings
 38360 | Swamp:1  | Reached skill level 10 in Necromancy
 38360 | Swamp:1  | Reached skill level 10 in Translocations
 38360 | Swamp:1  | Reached skill level 10 in Fire Magic
 38360 | Swamp:1  | Reached skill level 10 in Ice Magic
 38360 | Swamp:1  | Reached skill level 10 in Air Magic
 38360 | Swamp:1  | Reached skill level 10 in Earth Magic
 38432 | Swamp:1  | Found a bloodstained altar of Trog.
 38488 | Swamp:1  | HP: 32/133 [tyrant leech[a spriggan druid] (16)]
 40930 | Swamp:3  | Found a frozen archway.
 41160 | Swamp:3  | Noticed jjjjhere's ghost (adept HOFE)
 41160 | Swamp:3  | Found a transporter.
 41450 | Swamp:2  | Reached skill level 16 in Shields
 42008 | Swamp:3  | Reached XP level 18. HP: 111/140 MP: 25/35
 42816 | Swamp:3  | Noticed Bai Suzhen
 43068 | Swamp:2  | HP: 25/140 [Bai Suzhen/torrent of water (52)]
 43612 | Swamp:3  | Found a transporter.
 43806 | Swamp:4  | Entered Level 4 of the Swamp
 43829 | Swamp:3  | HP: 40/140 [constriction (18)]
 44263 | Swamp:4  | Noticed Louise
 44279 | Swamp:4  | Killed Louise
 44594 | Swamp:4  | HP: 32/140 [fire dragon/blast of flame (34)]
 44599 | Swamp:4  | HP: 18/140 [eight-headed hydra (9)]
 44977 | Swamp:4  | Learned a level 6 spell: Iron Shot
 47399 | Swamp:4  | Got a decaying rune of Zot
 47512 | Snake:1  | Entered Level 1 of the Snake Pit
 49455 | Snake:1  | Reached skill level 17 in Shields
 49675 | Snake:2  | Reached XP level 19. HP: 148/148 MP: 30/36
 50497 | Snake:3  | Found Jaelitri's Book Shop.
 51974 | Snake:3  | Learned a level 6 spell: Summon Cactus Giant
 52010 | Snake:4  | Entered Level 4 of the Snake Pit
 54924 | Snake:4  | Got a serpentine rune of Zot
 55291 | Snake:4  | HP: 48/150 [naga warrior/+0 scimitar (6)]
 55770 | Snake:4  | Reached skill level 18 in Shields
 55770 | Snake:4  | Reached XP level 20. HP: 57/157 MP: 33/38
 57071 | Elf:1    | Entered Level 1 of the Elven Halls
 57073 | Elf:1    | Paralysed by an air elemental for 1 turns
 57076 | Elf:1    | Paralysed by an air elemental for 1 turns
 57114 | Elf:1    | Paralysed by an air elemental for 1 turns
 57735 | Elf:1    | Got the Papyrus of Malediction
 58667 | Elf:2    | Found a runed translucent gate.
 58668 | Elf:2    | Found a runed translucent gate.
 58669 | Elf:2    | Found a runed translucent gate.
 58981 | Elf:2    | Found Tieleham's Armour Shoppe.
 59504 | Elf:3    | Entered Level 3 of the Elven Halls
 59508 | Elf:3    | Paralysed by an air elemental for 1 turns
 59511 | Elf:3    | Paralysed by an air elemental for 1 turns
 60353 | Elf:3    | Found Xaun's Antique Armour Boutique.
 60686 | Elf:3    | Reached skill level 15 in Invocations
 61153 | Elf:3    | Noticed a Brimstone Fiend
 61154 | Elf:3    | Noticed a Tzitzimitl
 61546 | Elf:3    | Identified the +5 quarterstaff of Wagrar {protect, *Noise
                  | rCorr SInv}
 61562 | Elf:3    | Noticed a Brimstone Fiend
 61870 | Elf:3    | Identified the +7 quarterstaff "Eqipt" {elec, *Noise rElec
                  | rCorr Int+2 Dex+3}
 61870 | Elf:3    | Identified the ring of Zopaxt {Ice rN+ Will+ rCorr Int-3}
 61882 | Elf:3    | Identified the +2 hand axe "Puyboc" {vorpal, Int+5}
 62019 | Elf:3    | Learned a level 3 spell: Swiftness
 62086 | Elf:3    | Identified the +5 plate armour "Egiuf" {rC+ rN+ Int-4}
 62214 | Elf:3    | Identified the +6 longbow of the Philosopher {venom, Dex+4}
 62221 | Elf:3    | Got the Disquisition on the Sinister Frostbite
 62742 | Swamp:2  | Killed Bai Suzhen
 62951 | Swamp:3  | Reached XP level 21. HP: 165/165 MP: 34/39
 62958 | Swamp:3  | Killed jjjjhere's ghost
 63027 | Swamp:3  | Identified the +1 cloak of Feweh {rPois Str+6 Dex+2 SInv}
 63040 | Swamp:3  | Identified the +3 ring mail of Happiness {Dex+3}
 63313 | Vaults:1 | Entered Level 1 of the Vaults
 63381 | Vaults:1 | Reached skill level 19 in Shields
 63425 | Vaults:1 | Reached skill level 15 in Spellcasting
 64050 | Vaults:1 | Reached skill level 15 in Dodging
 64591 | Vaults:1 | Reached skill level 15 in Stealth
 65021 | Vaults:1 | Identified the +5 battleaxe "Jope" {chaos, *Slow rPois
                  | Str+2 Int+2}
 65065 | Vaults:1 | HP: 44/166 [ironbound frostheart/creeping frost (23)]
 65079 | Vaults:1 | HP: 36/166 [vault warden/+4 battleaxe (13)]
 65208 | Vaults:1 | HP: 51/166 [ironbound frostheart (32)]
 67452 | Vaults:2 | Learned a level 7 spell: Spellforged Servitor
 67773 | Vaults:2 | Reached XP level 22. HP: 173/173 MP: 20/41
 68747 | Vaults:2 | Found Gasyvvak's Book Shop.
 68755 | Vaults:2 | Bought a book of Dangerous Friends for 680 gold pieces
 68755 | Vaults:2 | Bought a book of Spatial Translocations for 442 gold pieces
 68765 | Vaults:2 | Learned a level 7 spell: Orb of Destruction
 68944 | Vaults:2 | Reached skill level 20 in Shields
 69538 | Vaults:3 | You fall into a shaft and drop 1 floor!
 69682 | Vaults:4 | HP: 54/174 [war gargoyle/+0 morningstar[a peacekeeper]
                  | (32)]
 69685 | Vaults:4 | HP: 21/174 [war gargoyle/+0 great mace[a peacekeeper] (34)]
 69686 | Vaults:4 | HP: 2/174 [yaktaur captain/bolt (44)]
 69693 | Vaults:4 | Reached skill level 15 in Fighting
 69693 | Vaults:4 | Reached skill level 15 in Short Blades
 69693 | Vaults:4 | Reached skill level 15 in Long Blades
 69693 | Vaults:4 | Reached skill level 15 in Axes
 69693 | Vaults:4 | Reached skill level 15 in Maces & Flails
 69693 | Vaults:4 | Reached skill level 15 in Polearms
 69693 | Vaults:4 | Reached skill level 15 in Staves
 69693 | Vaults:4 | Reached skill level 15 in Slings
 69693 | Vaults:4 | Reached skill level 15 in Bows
 69693 | Vaults:4 | Reached skill level 15 in Crossbows
 69693 | Vaults:4 | Reached skill level 15 in Throwing
 69693 | Vaults:4 | Reached skill level 15 in Armour
 69693 | Vaults:4 | Reached skill level 15 in Unarmed Combat
 69693 | Vaults:4 | Reached skill level 15 in Evocations
 69702 | Vaults:4 | Was placed under penance by the Shining One
 71640 | Vaults:3 | Identified the +1 robe "Guysery" {rCorr}
 71646 | Vaults:3 | Identified the +3 hat of Miracles {rN+++ Str-2 Int+2
                  | Slay+2}
 71667 | Vaults:3 | Found a radiant altar of Vehumet.
 71775 | Vaults:3 | Identified the +1 robe of Fehexywk {rF- Will+ Str+7}
 71844 | Vaults:3 | Found a staircase to the Crypt.
 72538 | Vaults:3 | Was forgiven by the Shining One
 72814 | Vaults:3 | Learned a level 7 spell: Ozocubu's Refrigeration
 73225 | Vaults:3 | Learned a level 7 spell: Storm Form
 73785 | Vaults:4 | HP: 45/175 [orc warlord/+0 great sword of freezing (13)]
 74410 | Vaults:4 | Reached XP level 23. HP: 182/182 MP: 43/43
 74890 | Vaults:4 | HP: 47/182 [ironbound frostheart/creeping frost (37)]
 76354 | Depths:2 | Reached skill level 21 in Shields
 76805 | Depths:2 | Found a shadowy altar of Dithmenos.
 76949 | Depths:2 | Found Awek's Jewellery Shop.
 77035 | Depths:2 | Found a one-way gate leading to the halls of Pandemonium.
 77886 | Depths:3 | Found Xuiv's Distillery.
 77915 | Depths:3 | Bought a potion of heal wounds for 70 gold pieces
 77915 | Depths:3 | Bought a potion of heal wounds for 70 gold pieces
 77917 | Depths:3 | Bought a potion of haste for 140 gold pieces
 78080 | Depths:3 | Noticed the Enchantress
 78599 | Depths:3 | Killed the Enchantress
 79421 | Depths:3 | Noticed Mennas
 79486 | Depths:3 | Identified the +2 tower shield of the Swamp {+Inv Will+
                  | Stlth-}
 79488 | Depths:3 | Killed Mennas
 80006 | Depths:4 | Entered Level 4 of the Depths
 80462 | Depths:4 | Reached XP level 24. HP: 191/191 MP: 43/43
 81465 | Depths:4 | HP: 61/191 [frost giant/bolt of cold (28)]
 81470 | Depths:4 | HP: 32/191 [frost giant/bolt of cold (32)]
 81475 | Depths:4 | HP: 26/191 [frost giant] (24)]
 82304 | Depths:4 | Found Odghiy's Magic Scroll Shoppe.
 82363 | Depths:4 | Bought a scroll of fog for 32 gold pieces
 82363 | Depths:4 | Bought a scroll of teleportation for 48 gold pieces
 82363 | Depths:4 | Bought a scroll of amnesia for 56 gold pieces
 82773 | Depths:4 | Found a gate to the Realm of Zot.
 82999 | Depths:4 | Found a one-way gateway to a ziggurat.
 83748 | Vaults:5 | Entered Level 5 of the Vaults
 83801 | Vaults:4 | Reached skill level 22 in Shields
 84523 | Vaults:5 | Identified the +0 leather armour of the Crypt {+Inv rElec
                  | rN+ Str+2}
 84582 | Vaults:5 | Reached skill level 15 in Poison Magic
 84759 | Vaults:5 | Noticed Saint Roka
 84771 | Vaults:5 | Identified the amulet "Yrhuv" {Faith Rampage rC+ Int+3}
 84986 | Vaults:5 | Paralysed by a sphinx for 5 turns
 85916 | Vaults:5 | Identified the +2 ring mail "Imitofim" {Will+}
 85980 | Vaults:5 | Identified the ring "Ythuig" {Ice rPois Will+ Str+4}
 86190 | Vaults:5 | Identified the +1 storm dragon scales of the Fletcher
                  | {rElec rC++ Str+6 Slay+2}
 86410 | Vaults:5 | Reached XP level 25. HP: 176/199 MP: 35/44
 87044 | Vaults:5 | Killed Saint Roka
 87255 | Vaults:5 | Got a silver rune of Zot
 87808 | Vaults:5 | Identified the +0 plate armour of Restlessness {rF- Regen+
                  | rCorr Int+6}
 88195 | Vaults:5 | Learned a level 5 spell: Freezing Cloud
 88586 | Depths:2 | Paralysed by an air elemental for 1 turns
 88591 | Depths:2 | Paralysed by an air elemental for 1 turns
 88594 | Depths:2 | Paralysed by an air elemental for 1 turns
 88989 | Depths:2 | HP: 48/200 [crystal guardian/crystal bolt (23)]
 88994 | Depths:2 | HP: 29/200 [crystal guardian/crystal bolt (20)]
 89920 | Depths:2 | Got the Papyrus of Changing
 89974 | Depths:2 | Noticed Boris
 90388 | D:8      | Bought the ring "Senid" {rF+ Int+6} for 713 gold pieces
 90707 | Zot:1    | Entered Level 1 of the Realm of Zot
 94037 | Zot:3    | Noticed an orb of fire
 94039 | Zot:3    | Gained mutation: Your flesh is cold resistant. (rC+) [an
                  | orb of fire]
 94046 | Zot:3    | Killed an orb of fire
 94287 | Zot:3    | Reached skill level 23 in Shields
 94602 | Zot:3    | Found a huge runed gate.
 94602 | Zot:3    | Found a huge runed gate.
 94602 | Zot:3    | Found a huge runed gate.
 94603 | Zot:3    | Found a huge runed gate.
 94603 | Zot:3    | Found a huge runed gate.
 94604 | Zot:3    | Found a huge runed gate.
 94606 | Zot:3    | Found a huge runed gate.
 94606 | Zot:3    | Found a huge runed gate.
 94631 | Zot:3    | Found a huge runed gate.
 94631 | Zot:3    | Found a huge runed gate.
 94632 | Zot:3    | Found a huge runed gate.
 94632 | Zot:3    | Found a huge runed gate.
 94633 | Zot:3    | Found a huge runed gate.
 94634 | Zot:3    | Found a huge runed gate.
 94635 | Zot:3    | Found a huge runed gate.
 94644 | Zot:3    | Found a huge runed gate.
 94644 | Zot:3    | Found a huge runed gate.
 94644 | Zot:3    | Found a huge runed gate.
 94644 | Zot:3    | Found a huge runed gate.
 94644 | Zot:3    | Found a huge runed gate.
 94644 | Zot:3    | Found a huge runed gate.
 94645 | Zot:3    | Found a huge runed gate.
 94700 | Zot:3    | Found a huge runed gate.
 94701 | Zot:3    | Found a huge runed gate.
 94710 | Zot:3    | Found a huge runed gate.
 94710 | Zot:3    | Found a huge runed gate.
 94710 | Zot:3    | Found a huge runed gate.
 94710 | Zot:3    | Found a huge runed gate.
 94710 | Zot:3    | Found a huge runed gate.
 94710 | Zot:3    | Found a huge runed gate.
 94875 | Zot:3    | Found a shimmering altar of Xom.
 95840 | Zot:3    | Found a glowing golden altar of the Shining One.
 95964 | Zot:3    | Found a huge runed gate.
 95964 | Zot:3    | Found a huge runed gate.
 95965 | Zot:3    | Found a huge runed gate.
 95966 | Zot:3    | Found a huge runed gate.
 96052 | Zot:3    | Found a huge runed gate.
 96052 | Zot:3    | Found a huge runed gate.
 96980 | Zot:4    | Reached XP level 26. HP: 190/208 MP: 42/45
 97861 | Zot:4    | Reached skill level 15 in Transmutations
 99607 | Zot:4    | Reached skill level 15 in Conjurations
 99607 | Zot:4    | Reached skill level 15 in Hexes
 99607 | Zot:4    | Reached skill level 15 in Summonings
 99607 | Zot:4    | Reached skill level 15 in Necromancy
 99607 | Zot:4    | Reached skill level 15 in Translocations
 99607 | Zot:4    | Reached skill level 15 in Fire Magic
 99607 | Zot:4    | Reached skill level 15 in Ice Magic
 99607 | Zot:4    | Reached skill level 15 in Air Magic
 99607 | Zot:4    | Reached skill level 15 in Earth Magic
 99976 | Zot:5    | Entered Level 5 of the Realm of Zot
100904 | Zot:5    | Noticed an ancient lich
100907 | Zot:5    | Killed an ancient lich
100969 | Zot:5    | Noticed an ancient lich
100988 | Zot:5    | Killed an ancient lich
101448 | Zot:5    | Noticed a Killer Klown
101456 | Zot:5    | Killed a Killer Klown
101459 | Zot:5    | Noticed an orb of fire
101459 | Zot:5    | Noticed a dread lich
101497 | Zot:5    | HP: 58/211 [orb of fire/fireball (13)]
101504 | Zot:5    | HP: 53/211 [orb of fire/fireball (7)]
101506 | Zot:5    | Gained mutation: You have a pair of small horns on your
                  | head. [an orb of fire]
101886 | Zot:5    | Killed a dread lich
101889 | Zot:5    | Killed an orb of fire
101890 | Zot:5    | Reached skill level 24 in Shields
102313 | D:13     | Bought a potion of haste for 190 gold pieces
102313 | D:13     | Bought a potion of haste for 190 gold pieces
102878 | Zot:5    | Noticed an orb of fire
102883 | Zot:5    | Noticed an ancient lich
102884 | Zot:5    | Noticed an orb of fire
102887 | Zot:5    | Noticed an orb of fire
102898 | Zot:5    | Noticed an orb of fire
102906 | Zot:5    | Gained mutation: You are clumsy. (Dex -2) [an orb of fire]
103122 | Zot:4    | Killed an orb of fire
103122 | Zot:4    | Gained mutation: You tend to lose your temper in combat.
                  | [an orb of fire]
103129 | Zot:4    | Gained mutation: You often lose your temper in combat. [an
                  | orb of fire]
103130 | Zot:4    | HP: 69/211 [orb of fire/bolt of fire (10)]
103515 | Zot:4    | Killed an orb of fire
103584 | Zot:5    | Noticed an ancient lich
103648 | Zot:5    | Killed an ancient lich
104058 | Zot:5    | Reached XP level 27. HP: 177/217 MP: 8/45
104210 | Zot:5    | Gained mutation: You are frail. (-10% HP) [an orb of fire]
104210 | Zot:5    | Killed an orb of fire
104267 | Zot:5    | Killed an orb of fire
104472 | Zot:5    | Killed an ancient lich
105465 | Zot:5    | Got the Orb of Zot
105468 | Zot:5    | HP: 64/196 [electric golem/bolt of lightning (21)]
105629 | Zot:4    | Noticed Eqyr the pandemonium lord
105629 | Zot:4    | Noticed an ancient lich
106038 | D:9      | Noticed Soahalos the pandemonium lord
106051 | D:9      | HP: 40/196 [Soahalos the pandemonium lord/great icy blast
                  | (40)]
106054 | D:9      | Blown up by Soahalos the pandemonium lord

Illustrated notes

Levels and vault maps discovered:
D:1:      roderic_crossed_star, layout_basic
D:2:      layout_basic, serial_shops, nicolae_shop_stone, serial_bayou_crossing,
          uniq_terence
D:3:      layout_basic, mainiacjoe_overflow_chevrons,
          shapermc_ecumenical_altar_flowoftime, minmay_three_crescents
D:4:      layout_rooms, lemuel_crystal_altar
D:5:      layout_gridville, nicolae_qazlal_scattered_showers,
          kennysheep_mini_moat, serial_shops, nicolae_shop_stone
D:6:      layout_loops_ring, mrwooster_statue_mirror
D:7:      gammafunk_beogh_shrine, layout_loops_ring,
          minmay_temple_entry_glassed_door, minmay_manual_mullet
D:8:      layout_rooms, nemelex_xobeh_ov_fountains_minmay,
          nicolae_ru_sacrificial_ziggurat, elyvilon_altar_3,
          nicolae_shop_unique_rings, dk_vineyard_3, minmay_diamond_spiral
D:9:      layout_layer_cave, mainiacjoe_overflow_paths, orc_david_3,
          enter_bailey_3
D:10:     layout_layer_cave, minmay_guarded_unrand_staff_of_olgreb
D:11:     layout_cave_pools, dpeg_oklobed_lair, uniq_urug, uniq_erica,
          uniq_sonja
D:12:     layout_roguey, nooodl_orcs_dogs
D:13:     layout_irregular_city, skrybe_vaults_entry_preservation, serial_glass,
          glass_columns_a, glass_columns_a, serial_shops, nicolae_diamond_shop,
          minivault_13
D:14:     layout_long_grid, chequers_garden, kennysheep_opposing_triangles
D:15:     grunt_enter_depths_giant_problem, layout_basic, serial_bayou_pond_e,
          uniq_agnes, uniq_kirke
Lair:1:   layout_long_grid
Lair:2:   layout_misc_corridors, serial_bayou_pond_d, serial_bayou_pond_d,
          serial_bayou_shore_a
Lair:3:   layout_concentric_octagons, palyth_hydra_swamp_entry,
          dummy_snake_entry, chequers_serial_rivers_small_b
Lair:4:   layout_regular_city, hangedman_lair_unloving_vines, patterned_corridor
Lair:5:   layout_hall_layers, nzn_ghost_randoct,
          nzn_masters_of_martial_movement, uniq_josephine
Lair:6:   hellmonk_lair_end_abyssal_woods, layout_cave_pods, slime_altar_1,
          eino_small_chamber_without_monster, eino_house_with_fridge
Swamp:1:  layout_basic_swamp, basic_altar
Swamp:2:  layout_basic_swamp, evilmike_swamp_ruin_house_1, swamp_pool2
Swamp:3:  layout_falls_marsh, gammafunk_ghost_mausoleum,
          portal_ice_cave_entry_ice_simulacra, evilmike_swamp_ruin_house_2,
          swamp_pool5, uniq_bai_suzhen
Swamp:4:  swamp_fiery, layout_basic_swamp, swamp_pool4,
          nicolae_swamp_bunyip_nook, uniq_louise
Snake:1:  cheibrodos_snake_lava_hold, layout_onion, st_stairs_13,
          grunt_megastairs_5
Snake:2:  layout_cave_pods
Snake:3:  layout_chambers, serial_shops, nicolae_shop_trees, lemuel_fruit_tree,
          grunt_megastairs_2
Snake:4:  grunt_snake_rune_spirals, layout_onion, serial_bayou_shore_b
Orc:1:    layout_diamond_mine, basic_altar, minmay_orc_treasury
Orc:2:    st_orc_town, layout_caves
Elf:1:    nicolae_elf_arrival_aired_out, layout_onion_city, minivault_24,
          hangedman_research_probablistics
Elf:2:    elven_hall_of_blades_hangedman_original
          [infiniplex_blade_entry_pillars], layout_loops_corners, serial_shops,
          nicolae_shop_stone, uniq_donald
Elf:3:    minmay_elf_hall_curves, layout_geoelf_castle, minmay_shop_grid_forest,
          nicolae_elf_big_sculpture_3
Vaults:1: nicolae_vaults_little_squares_5, v_misc_28, v_misc_2,
          nicolae_vaults_c_with_doors, vaults_room_grid, v_misc_19,
          nicolae_vaults_windows_and_doors_thing, v_misc_12,
          ontoclasm_vaults_hangar, v_misc_11,
          hangedman_vaults_stretched_pinwheel, nicolae_vaults_little_squares_6,
          v_misc_2, vaults_mumra_lcd, layout_vaults_maze_bifur
Vaults:2: v_misc_26, v_misc_16, grunt_vaults_hallway_short,
          hangedman_vaults_hard_town_square, nicolae_vaults_circle_grid_a,
          nicolae_vaults_diagonal_hallway_8, grunt_vaults_swirl,
          v_alt_pattern_1, vaults_room_door_hall,
          nicolae_vaults_yaktaur_gun_rack, nicolae_vaults_rhombus_5, v_misc_18,
          vaults_dpeg_ring, layout_vaults_omnibox, serial_shops,
          nicolae_shop_temple_entry_statues_fountains
Vaults:3: hangedman_vaults_stretched_pinwheel, grunt_tower_of_power,
          hangedman_vaults_nodes, hangedman_vaults_corner,
          vaults_standard_mumra_lines, nicolae_vaults_network_s, v_rooms_3,
          ontoclasm_vaults_shuriken, hangedman_vaults_trim,
          nicolae_vaults_little_ls, nicolae_vaults_rhombus_5,
          ontoclasm_vaults_loading_screen, layout_vaults_ring
Vaults:4: ontoclasm_vaults_claustrophobia, hangedman_vaults_hat,
          nicolae_vaults_little_squares_2, nicolae_vaults_ninety_degrees,
          vaults_standard_mumra_enter_the_diamond, vaults_dpeg_encased_lava,
          vaults_room_corners, vaults_room_stairs_pillars, grunt_vaults_funnel,
          nicolae_vaults_theta, layout_vaults_omnigrid
Vaults:5: serial_shops, uniq_saint_roka
Depths:1: layout_twisted_cross, good_gods_mini_temple, abyss_entry,
          pf_hell_entry_great_geh, serial_shops, nicolae_shop_waterfront,
          grunt_ministairs_15, nicolae_concentric_dashed_squares_mild,
          serial_sigils_hangedman_quiver, minmay_liquid_box,
          dpeg_stationary_puzzle
Depths:2: constructs_gauntlet_mu_hangedman, layout_cave_pools,
          nicolae_dithmenos_the_darkroom, serial_shops, shop, pan_entry,
          mu_enter_wizlab_3, hell_entry, serial_bayou_shore_b,
          minmay_staircase_bubble
Depths:3: nzn_winding_woodlands_three_and_one
          [nzn_winding_woodlands_5x15_zeroes,
          nzn_winding_woodlands_5x15_concentric,
          nzn_winding_woodlands_5x15_river_crossing,
          nzn_winding_woodlands_center_triple_pond], layout_cross,
          abyss_entry_glasseish, serial_shops, shop, minivault_11, hellmouth_3,
          uniq_mennas, uniq_enchantress
Depths:4: grunt_x_marks_the_spot, layout_cave_pools, enter_ziggurat_a,
          grunt_hell_horde, grunt_pan_entry_zigzag, serial_shops, shop_fountains
Zot:1:    layout_gridlike, hangedman_zot_decor_tridents
Zot:2:    minmay_elemental_castle, layout_cathedral_of_symmetry,
          hangedman_zot_diagonal_lockstep, skrybe_zot_glass_2
Zot:3:    layout_onion, lemuel_baited_zot_trap, st_stairs_4,
          hangedman_feature_mirror, door_vault
Zot:4:    lemuel_acid_trip, layout_onion_interference, zot_minivault_4
Zot:5:    layout_misc_corridors

Skill      XL: |  1  2  3  4  5  6  7  8  9 10 11 12 13 14 15 16 17 18 19 20 21 22 23 24 25 26 |
---------------+-------------------------------------------------------------------------------+-----
Transmutations | 2 3 4 5 6 7 8 9 10 11 12 13 14 15 | 15.7
Spellcasting   | 5 6 7 9 10 11 12 13 14 15 16 17 18 | 18.8
Fighting       | 1 2 3 4 5 7 8 9 10 11 12 13 14 15 16 17 18 | 18.2
Short Blades   | 1 2 3 4 5 7 8 9 10 11 12 13 14 15 16 17 18 | 18.2
Long Blades    | 1 2 3 4 5 7 8 9 10 11 12 13 14 15 16 18 19 | 19.7
Axes           | 1 2 3 4 5 7 8 9 10 11 12 13 14 15 16 17 18 | 18.2
Maces & Flails | 1 2 3 4 5 7 8 9 10 11 12 13 14 15 16 17 18 | 18.2
Polearms       | 1 2 3 4 5 7 8 9 10 11 12 13 14 15 16 17 18 | 18.2
Staves         | 1 2 3 4 5 7 8 9 10 11 12 13 14 15 16 17 18 | 18.2
Slings         | 1 2 3 4 5 7 8 9 10 11 12 13 14 15 16 17 18 | 18.2
Bows           | 1 2 3 4 5 7 8 9 10 11 12 13 14 15 16 17 18 | 18.2
Crossbows      | 1 2 3 4 5 7 8 9 10 11 12 13 14 15 16 17 18 | 18.2
Throwing       | 1 2 3 4 5 7 8 9 10 11 12 13 14 15 16 17 18 | 18.2
Armour         | 1 2 3 4 5 7 8 9 10 11 12 13 14 15 16 17 18 | 18.2
Shields        | 1 2 3 4 6 9 11 12 13 14 16 17 18 19 20 21 22 23 24 | 24.2
Unarmed Combat | 1 2 3 4 5 7 8 9 10 11 12 13 14 15 16 17 18 | 18.2
Invocations    | 1 2 3 4 5 6 8 9 10 11 12 13 14 15 16 17 18 19 | 19.7
Evocations     | 1 2 3 4 5 7 8 9 10 11 12 13 14 15 16 17 18 | 18.2
Conjurations   | 1 2 3 4 6 7 8 9 10 11 12 13 14 15 | 15.5
Hexes          | 1 2 3 4 6 7 8 9 10 11 12 13 14 15 | 15.5
Summonings     | 1 2 3 4 6 7 8 9 10 11 12 13 14 15 | 15.5
Necromancy     | 1 2 3 4 6 7 8 9 10 11 12 13 14 15 | 15.5
Translocations | 1 2 3 4 6 7 8 9 10 11 12 13 14 15 | 15.5
Fire Magic     | 1 2 3 4 6 7 8 9 10 11 12 13 14 15 | 15.5
Ice Magic      | 1 2 3 4 6 7 8 9 10 11 12 13 14 15 | 15.5
Air Magic      | 1 2 3 4 6 7 8 9 10 11 12 13 14 15 | 15.5
Earth Magic    | 1 2 3 4 6 7 8 9 10 11 12 13 14 15 | 15.5
Dodging        | 5 6 7 8 9 10 11 12 13 14 15 16 17 18 | 18.7
Stealth        | 5 6 7 8 9 10 11 12 13 14 15 16 17 18 | 18.6
Poison Magic   | 6 7 8 9 10 11 12 13 14 15 16 | 16.3

Action                   |  1- 3 |  4- 6 |  7- 9 | 10-12 | 13-15 | 16-18 | 19-21 | 22-24 | 25-27 || total
-------------------------+-------+-------+-------+-------+-------+-------+-------+-------+-------++-------
Melee: Dagger            |    20 |   116 |       |       |       |       |       |       |       ||   136
       Bite              |     3 |    15 |    45 |    24 |   162 |   178 |   258 |   236 |    99 ||  1020
       Punch             |     1 |     1 |    14 |     9 |       |       |       |    11 |       ||    36
       Unarmed           |       |    48 |    18 |       |       |       |       |    51 |       ||   117
       Short sword       |       |       |   103 |       |       |       |       |       |       ||   103
       Scimitar          |       |       |   144 |       |       |       |       |       |       ||   144
       Trident           |       |       |     8 |   190 |    32 |       |       |       |       ||   230
       Staff             |       |       |       |       |   733 |   977 |  1249 |   980 |   436 ||  4375
       Broad axe         |       |       |       |       |       |       |       |       |    27 ||    27
       Headbutt          |       |       |       |       |       |       |       |       |    16 ||    16
 Cast: Sting             |    14 |    17 |    16 |       |     5 |       |       |       |       ||    52
       Poisonous Vapours |    31 |    76 |    21 |    39 |    64 |    36 |       |       |       ||   267
       Olgreb's Toxic Ra |       |     2 |    13 |    23 |    80 |    42 |    71 |    83 |    45 ||   359
       Mephitic Cloud    |       |       |     2 |     9 |    10 |    22 |     1 |       |       ||    44
       Summon Lightning  |       |       |       |    15 |    94 |    53 |    38 |    40 |    56 ||   296
       Ozocubu's Armour  |       |       |       |     1 |     9 |     4 |       |       |       ||    14
       Summon Forest     |       |       |       |       |     5 |    36 |    24 |     1 |       ||    66
       Summon Mana Viper |       |       |       |       |     2 |    96 |    74 |     1 |       ||   173
       Iron Shot         |       |       |       |       |       |    62 |    46 |    79 |   128 ||   315
       Passwall          |       |       |       |       |       |     3 |     2 |       |       ||     5
       Summon Cactus Gia |       |       |       |       |       |       |    25 |       |       ||    25
       Spellforged Servi |       |       |       |       |       |       |     3 |   121 |   121 ||   245
       Swiftness         |       |       |       |       |       |       |     1 |       |       ||     1
       Ozocubu's Refrige |       |       |       |       |       |       |       |     4 |       ||     4
       Storm Form        |       |       |       |       |       |       |       |     4 |       ||     4
       Orb of Destructio |       |       |       |       |       |       |       |    22 |    62 ||    84
       Freezing Cloud    |       |       |       |       |       |       |       |       |    14 ||    14
Invok: Divine Shield     |       |       |       |       |     1 |       |       |       |       ||     1
       Summon Divine War |       |       |       |       |       |       |       |     3 |       ||     3
 Abil: Evoke the Staff o |       |       |       |       |       |       |     2 |     1 |       ||     3
       Blinkbolt         |       |       |       |       |       |       |       |     1 |       ||     1
Evoke: Wand              |       |       |       |       |     4 |       |       |       |     1 ||     5
       Tin of tremorston |       |       |       |       |       |       |     2 |       |       ||     2
  Use: Scroll            |       |       |    10 |     6 |     7 |     6 |     5 |     8 |    18 ||    60
       Potion            |       |       |       |     1 |     6 |     4 |       |     7 |     7 ||    25
 Stab: Sleeping          |       |     2 |       |       |       |       |       |       |       ||     2
Armor: Robe              |     8 |    37 |       |       |       |       |       |       |       ||    45
       Leather armour    |       |     2 |    70 |    48 |   186 |   168 |   132 |    56 |       ||   662
       Ring mail         |       |       |       |       |       |    12 |       |       |       ||    12
       Skin              |       |       |       |       |       |       |       |     8 |       ||     8
       Acid dragon scale |       |       |       |       |       |       |       |   139 |   204 ||   343
Dodge: Dodged            |    24 |    99 |   148 |   131 |   432 |   491 |   435 |   546 |   323 ||  2629
Block: Other             |    13 |    34 |    48 |    46 |       |       |       |     8 |       ||   149
       Reflection        |     1 |       |     1 |     6 |    13 |    51 |    91 |    60 |    25 ||   248
       Buckler           |       |       |       |    11 |   335 |       |       |       |       ||   346
       Kite shield       |       |       |       |       |   214 |   749 |   977 |   950 |   513 ||  3403
